 Dungeon Crawl Stone Soup version 0.29.0-4-gdea44cf6ec (webtiles) character file.

Game seed: 7802598673328025174

119 SnakkuSnakku7 the Slasher (level 5, 0/30 HPs)
             Began as a Tengu Warper on Aug 27, 2022.
             Was a Believer of Nemelex Xobeh.
             Succumbed to an orc's poison
             ... on level 3 of the Dungeon.
             The game lasted 00:03:50 (3095 turns).

SnakkuSnakku7 the Slasher (Tengu Warper)            Turns: 3095, Time: 00:03:51

Health: 0/30       AC:  3    Str:  9 (12) XL:     5   Next: 3%
Magic:  9/9        EV: 14    Int: 11 (13) God:    Nemelex Xobeh [**....]
Gold:   68         SH:  0    Dex: 13 (15) Spells: 8/8 levels left

rFire   . . .      SeeInvis .   a - +0 scimitar (vorpal)
rCold   . . .      Faith    .   (no shield)
rNeg    . . .      Spirit   .   b - +0 leather armour
rPois   .          Reflect  .   (helmet restricted)
rElec   .          Harm     .   (no cloak)
rCorr   .          Rampage  .   (no gloves)
Will    .....                   (boots unavailable)
Stlth   +.........              l - amulet of magic regeneration
HPRegen 0.10/turn               (no ring)
MPRegen 0.51/turn               (no ring)

@: brilliant, lethally poisoned (0 -> -8), flying quickly and evasively, quick
A: beak, talons 3, nimble flight
a: Renounce Religion, Draw Escape, Draw Destruction, Draw Summoning


You were on level 3 of the Dungeon.
You worshipped Nemelex Xobeh.
Nemelex Xobeh was pleased with you.
You visited 1 branch of the dungeon, and saw 3 of its levels.

You collected 180 gold pieces.
You spent 112 gold pieces at shops.

Inventory:

Hand Weapons
 a - a +0 vorpal scimitar (weapon)
 s - a +0 great sword
 t - a +0 falchion
Missiles
 d - 7 boomerangs of dispersal
 o - 2 poisoned darts (quivered)
 r - 3 boomerangs
Armour
 b - a +0 leather armour (worn)
Jewellery
 l - an amulet of magic regeneration (around neck)
Scrolls
 c - a scroll of blinking
 e - a scroll of immolation {unknown}
 f - a scroll of poison {unknown}
 g - 4 scrolls of teleportation {unknown}
 i - 3 scrolls of amnesia {unknown}
 m - a scroll of brand weapon {unknown}
 n - 2 scrolls of silence {unknown}
 p - a scroll of identify {unknown}
Potions
 h - 2 potions of degeneration
 j - a potion of brilliance
 q - a potion of attraction {unknown}


   Skills:
 - Level 2.0 Fighting
 + Level 4.9 Long Blades
 + Level 2.3 Throwing
 - Level 1.1 Armour
 - Level 2.1 Dodging
 - Level 2.0 Spellcasting
 - Level 2.4 Translocations


You had 8 spell levels left.
You didn't know any spells.
Your spell library contained the following spells:

 Spells                   Type           Power      Damage    Failure   Level
 Apportation              Tloc           18%        N/A       16%         1
 Blink                    Tloc           18%        N/A       22%         2
 Necrotise                Necr           4%         1d4       36%         1
 Summon Small Mammal      Summ           4%         N/A       36%         1
 Gell's Gravitas          Tloc           9%         N/A       41%         3
 Lesser Beckoning         Tloc           9%         N/A       41%         3
 Teleport Other           Tloc           9%         N/A       41%         3
 Manifold Assault         Tloc           9%         N/A       99%         5


Dungeon Overview and Level Annotations

Branches:
Dungeon (3/15)

Altars:
Nemelex Xobeh
Xom

Shops:
D:1 (


Innate Abilities, Weirdness & Mutations

You have a beak for a mouth.
You have claws for feet.
Your magical nature lets you fly swiftly and evasively.


Message History

Found 6 stones.
Found an escape hatch in the floor.
A rat comes into view.
Found a ruby potion.
A rat is nearby!
An orc comes into view. It is wielding a +2 whip of venom.
The orc shouts!
Found a bubbling clear potion.
You barely miss the rat. The rat closely misses you.
You completely miss the rat. The rat barely misses you.
The rat closely misses you.
The orc hits you with a +2 whip of venom.
You are poisoned.
You hit the orc.
The orc is heavily wounded.
You feel very sick.
The orc hits you with a +2 whip of venom.
You are lethally poisoned!
The rat closely misses you.
You slash the orc!
You kill the orc!
You feel very sick. The rat bites you but does no damage.
You are too injured to fight recklessly!
You hit the rat.
You kill the rat!
* * * LOW HITPOINT WARNING * * *
You feel very sick.
It was a potion of degeneration.
There was something very wrong with that liquid.
You feel weakened.
You feel dopey.
You feel clumsy.
* * * LOW HITPOINT WARNING * * *
You feel very sick.
It was a potion of brilliance.
You feel clever all of a sudden.
* * * LOW HITPOINT WARNING * * *
You feel sick.
It was a potion of magic.
Magic courses through your body.
You die...
Your body glows slightly and disappears.

#### #.#
#....###.#
#....#...#
#....#.###
##....#.#
........#
....##..#
......).#
.....##@#
........#
.....#>..
!... #...#
... .....
.. .....#.
. #......
#....! .


There were no monsters in sight!

Vanquished Creatures
  An orc priest (D:3)
  2 adders (D:2)
  2 worms (D:3)
  2 dart slugs
  5 orcs (D:3)
  2 bats
  6 endoplasms
  3 giant cockroaches
  5 goblins
  4 hobgoblins
  2 jackals (D:1)
  3 quokkas
  3 ball pythons
  2 frilled lizards
  4 kobolds
  6 rats
52 creatures vanquished.

Notes
Turn   | Place    | Note
-------+----------+-------------------------------------------
     0 | D:1      | SnakkuSnakku7 the Tengu Warper began the quest for the Orb.
     0 | D:1      | Reached XP level 1. HP: 12/12 MP: 4/4
   172 | D:1      | Found Icvautir's Weapon Boutique.
   185 | D:1      | Reached XP level 2. HP: 11/17 MP: 6/6
   189 | D:1      | Reached skill level 3 in Long Blades
   630 | D:1      | Found a faded altar of an unknown god.
  1141 | D:1      | Prayed at the altar of an unknown god.
  1141 | D:1      | Became a worshipper of Nemelex Xobeh the Trickster
  1141 | D:1      | Reached * piety under Nemelex Xobeh
  1141 | D:1      | Received a gift from Nemelex Xobeh
  1228 | D:2      | Reached XP level 3. HP: 12/21 MP: 7/7
  1498 | D:2      | Reached skill level 4 in Long Blades
  1774 | D:2      | Reached XP level 4. HP: 22/26 MP: 8/8
  2242 | D:3      | Found a shimmering altar of Xom.
  2833 | D:1      | Bought a +0 vorpal scimitar for 112 gold pieces
  3025 | D:3      | Gained mutation: Your magical nature lets you fly swiftly
                  | and evasively. [Tengu growth]
  3025 | D:3      | Reached XP level 5. HP: 29/30 MP: 9/9
  3084 | D:3      | Reached ** piety under Nemelex Xobeh
  3095 | D:3      | Succumbed to an orc's poison

Illustrated notes

Levels and vault maps discovered:
D:1:      psy_arrival_spokes, layout_loops_ring, nicolae_ecumenical_lake_church,
          serial_shops, shop
D:2:      layout_basic
D:3:      minmay_door_path, layout_basic, amcnicky_altar_gilded,
          amcnicky_altar_lugonu_corruption

Skill      XL: |  1  2  3  4 |
---------------+-------------+-----
Long Blades    | 3 4 |  4.9
Throwing       | 2 |  2.3
Fighting       | |  2.0
Armour         | |  1.1
Dodging        | |  2.1
Spellcasting   | |  2.0
Translocations | |  2.4

Action                   |  1- 3 |  4- 6 || total
-------------------------+-------+-------++-------
Melee: Falchion          |    82 |    22 ||   104
       Kick              |    19 |    11 ||    30
       Peck              |    15 |     1 ||    16
       Punch             |     2 |     1 ||     3
       Scimitar          |       |     9 ||     9
       Great sword       |       |     3 ||     3
Throw: Dart              |     2 |     2 ||     4
  Use: Potion            |       |     3 ||     3
 Stab: Sleeping          |     1 |       ||     1
Armor: Leather armour    |    18 |     6 ||    24
Dodge: Dodged            |    49 |    19 ||    68
